 Dungeon Crawl Stone Soup version 0.23.2-40-g277498a001 (webtiles) character file.

Game seed: 12598942175101073232

314 Marnok the Cutter (level 5, -9/41 HPs)
             Began as a Demigod Artificer on Oct 3, 2019.
             Mangled by barcode's ghost (15 damage)
             ... on level 3 of the Dungeon.
             The game lasted 00:09:52 (3383 turns).

Marnok the Cutter (Demigod Artificer)               Turns: 3383, Time: 00:09:53

Health: -9/41      AC:  8    Str: 12 (15) XL:     5   Next: 98%
Magic:  10/10      EV: 11    Int: 15 (17) God:
Gold:   121        SH:  0    Dex: 14 (16) Spells: 4/4 levels left

rFire    . . .     SeeInvis .   h - +2 dagger (speed)
rCold    + . .     Gourm    .   (no shield)
rNeg     . . .     Faith    .   g - +2 ring mail {rC+}
rPois    .         Spirit   .   o - +0 helmet
rElec    .         Reflect  .   (no cloak)
rCorr    .         Harm     .   (no gloves)
MR       .....                  (no boots)
Stlth    ..........             s - amulet of regeneration
HPRegen  0.53/turn              (no ring)
MPRegen  0.12/turn              (no ring)

@: confused, about to teleport, very slightly contaminated, invisible
A: high mp 1
a: no special abilities


You were on level 3 of the Dungeon.
You were not hungry.

You visited 1 branch of the dungeon, and saw 4 of its levels.

You collected 121 gold pieces.

Inventory:

Hand Weapons
 a - a +0 short sword
 h - a +2 dagger of speed (weapon)
 q - a +0 long sword
 u - a +0 dagger
 x - a +0 antimagic halberd
Missiles
 t - 3 tomahawks (quivered)
Armour
 b - a +0 leather armour
 g - a +2 ring mail of cold resistance (worn)
 k - a +0 buckler
 o - a +0 helmet (worn)
Jewellery
 s - an amulet of regeneration (around neck)
Wands
 c - a wand of flame (15)
 d - a wand of enslavement (15)
 e - a wand of random effects (15)
Scrolls
 m - 3 scrolls of amnesia
 y - a scroll of identify
Potions
 i - 3 potions of cancellation
 j - 3 potions of brilliance
 p - a potion of curing
Comestibles
 f - 7 rations


   Skills:
 + Level 1.9 Fighting
 + Level 4.0 Short Blades
 + Level 2.0 Armour
 + Level 2.3 Dodging
 + Level 1.4 Stealth
 + Level 3.2 Evocations


You had 4 spell levels left.
You didn't know any spells.
Your spell library was empty.

Dungeon Overview and Level Annotations

Branches:
Dungeon (4/15)
 Temple: D:4-7

Annotations:
D:3 barcode's ghost, amateur TrBe


Innate Abilities, Weirdness & Mutations

You have an increased reservoir of magic. (+10% MP)


Message History

You hit barcode's ghost but do no damage.
It was a potion of curing.
You feel better. Barcode's ghost closely misses you.
It was a potion of magic.
Magic courses through your body. Barcode's ghost barely misses you.
It was a potion of invisibility.
You fade into invisibility!
Barcode's ghost hits you!
* * * LOW HITPOINT WARNING * * *
You are very lightly contaminated with residual magic.
It was a potion of degeneration.
There was something very wrong with that liquid.
You feel weakened.
You feel dopey.
You feel clumsy. Barcode's ghost hits you!
* * * LOW HITPOINT WARNING * * *
As you read the scroll of teleportation, it crumbles to dust.
You feel strangely unstable. Barcode's ghost misses you.
It was a potion of ambrosia.
You are confused.
You feel invigorated. Barcode's ghost hits you!
You die...

#..........####.# #.##.....#.#
#.#.##'##.#..##.#######.###.#.#
#...#...#..#.#.##∩8$###.##....#
###.'...'.##.#.#.....##.#.....#
#..#...#..#...'.$..8##........
##.##'##.##...'._8.∩##........
#...........#h'...$8##........
##.#.#.#.#..#W#.....##........
#...#.#####.#@##.8.####.......
#.#.#.### #.######## ##......
####.#.....###.##### ##>....
#....#..(..........# #####.
#.####.)).......##.###### #.
#....#.....###....#.....# #.
.....#.....###.###.####.# #.
..≈..#.........# #.# #.# #.
.≈⌠....#..########.####.## ##


You could see barcode's ghost and a jackal.

Vanquished Creatures
  A bullfrog (D:3)
  A hound (D:3)
  Jessica (D:2)
  Robin (D:2)
  3 gnolls (D:3)
  5 adders
  2 oozes
  2 worms
  2 leopard geckos
  8 orcs (D:3)
  A ball python (D:2)
  2 giant cockroaches (D:3)
  15 goblins
  11 hobgoblins
  2 jackals (D:3)
  9 kobolds
  A quokka (D:2)
  6 bats
  3 frilled lizards
  12 rats
88 creatures vanquished.

Notes
Turn   | Place    | Note
-------+----------+-------------------------------------------
     0 | D:1      | Marnok the Demigod Artificer began the quest for the Orb.
     0 | D:1      | Reached XP level 1. HP: 15/15 MP: 5/5
    81 | D:1      | Reached skill level 1 in Fighting
   154 | D:1      | Reached skill level 1 in Stealth
   155 | D:1      | Reached skill level 1 in Short Blades
   170 | D:1      | Reached XP level 2. HP: 22/23 MP: 6/6
   969 | D:2      | Reached skill level 1 in Armour
   969 | D:2      | Reached XP level 3. HP: 28/28 MP: 7/7
  1021 | D:2      | Noticed Robin
  1052 | D:2      | Killed Robin
  1272 | D:2      | Found a blossoming altar of Fedhas.
  1288 | D:2      | Found a shadowy altar of Dithmenos.
  1301 | D:2      | Found a glowing silver altar of Zin.
  1302 | D:2      | Found a snail-covered altar of Cheibriados.
  1589 | D:2      | Reached skill level 2 in Short Blades
  1792 | D:2      | Noticed Jessica
  1808 | D:2      | Killed Jessica
  1808 | D:2      | Reached XP level 4. HP: 35/35 MP: 9/9
  1868 | D:2      | Found a faded altar of an unknown god.
  1896 | D:2      | Found a glowing golden altar of the Shining One.
  2399 | D:3      | Found a runed translucent gate.
  2400 | D:3      | Found a runed translucent gate.
  2401 | D:3      | Found a runed translucent gate.
  2402 | D:3      | Found an opulent altar of Gozag.
  2403 | D:3      | Noticed a bullfrog
  2404 | D:3      | Noticed barcode's ghost (amateur TrBe)
  2880 | D:3      | Reached XP level 5. HP: 33/40 MP: 10/10
  2946 | D:3      | Reached skill level 3 in Short Blades
  3373 | D:3      | Reached skill level 4 in Short Blades
  3381 | D:3      | HP: 2/41 [barcode's ghost (10)]
  3383 | D:3      | Mangled by barcode's ghost

Skill      XL: |  1  2  3  4  5 |
---------------+----------------+-----
Fighting       | 1 |  1.9
Evocations     | 3 |  3.2
Stealth        | 1 |  1.4
Short Blades   | 1 2 4 |  4.0
Armour         | 1 2 |  2.0
Dodging        | 2 |  2.3

Action                   |  1- 3 |  4- 6 || total
-------------------------+-------+-------++-------
Melee: Short sword       |   197 |    94 ||   291
       Dagger            |       |   141 ||   141
  Use: Potion            |     1 |     5 ||     6
       Scroll            |     1 |     5 ||     6
 Stab: Sleeping          |     4 |       ||     4
  Eat: Chunk             |     3 |     5 ||     8
Armor: Leather armour    |    19 |       ||    19
       Ring mail         |    42 |    65 ||   107
Dodge: Dodged            |    99 |    91 ||   190
